 Dungeon Crawl Stone Soup version 0.19.5 (webtiles) character file.

22 greprep the Sneak (level 2, 0/13 HPs)
             Began as a Spriggan Enchanter on May 9, 2017.
             Slain by a worm (7 damage)
             ... on level 2 of the Dungeon.
             The game lasted 00:03:40 (1247 turns).

greprep the Sneak (Spriggan Enchanter)              Turns: 1247, Time: 00:03:40

Health: 0/13       AC:  3    Str:  4    XL:     2   Next: 68%
Magic:  5/7        EV: 18    Int: 16    God:
Gold:   69         SH:  0    Dex: 16    Spells: 2 memorised, 4 levels left

rFire  . . .     SeeInvis +     i - -2 dagger (curse)
rCold  + . .     Gourm    .     b - +1 robe
rNeg   . . .     Faith    .     (shield restricted)
rPois  .         Spirit   .     (helmet restricted)
rElec  .         Reflect  .     (no cloak)
rCorr  .         Harm     .     (gloves unavailable)
MR     .....                    (boots unavailable)
Stlth  +++.......               (no amulet)
                                (no ring)
                                f - ring of protection from cold

@: very quick
A: unfitting armour, see invisible, herbivore 3, speed 3, slow metabolism 2
a: no special abilities


You were on level 2 of the Dungeon.
You were not hungry.

You visited 1 branch of the dungeon, and saw 2 of its levels.

You collected 69 gold pieces.

Inventory:

Hand Weapons
 a - a +1 dagger
 i - a cursed -2 dagger (weapon)
Armour
 b - a +1 robe (worn)
Jewellery
 f - a ring of protection from cold (left hand)
Scrolls
 e - 2 scrolls of enchant weapon
 g - 3 scrolls of identify
 h - 2 scrolls of random uselessness
Books
 c - a book of Maledictions

   Spells                             Type                      Level
   a - Corona                         Hexes                        1
   b - Ensorcelled Hibernation        Hexes/Ice                    2
   c - Confuse                        Hexes                        3
   d - Tukima's Dance                 Hexes                        3
   e - Dazzling Spray                 Conjuration/Hexes            3
Comestibles
 d - a bread ration


   Skills:
 + Level 1.1 Short Blades
 + Level 3.1 Dodging
 + Level 4.6 Stealth
 + Level 3.3 Spellcasting
 + Level 4.2 Hexes


You had 4 spell levels left.
You knew the following spells:

 Your Spells              Type           Power        Failure   Level  Hunger
a - Corona                Hex            ###....      3%          1    None
b - Ensorcelled Hibernat  Hex/Ice        #.....       14%         2    ##.....


Dungeon Overview and Level Annotations

Branches:
Dungeon (2/15)

Altars:
Qazlal

Annotations:
D:2 Terence


Innate Abilities, Weirdness & Mutations

You are very small and have problems with some larger weapons.
You are too small for most types of armour.
You have supernaturally acute eyesight. (SInv)
You are a herbivore.
You cover ground extremely quickly.
You need consume almost no food.


Message History

The worm is almost dead.
The worm barely misses you.
Casting: Ensorcelled Hibernation
Confirm with . or Enter, or press ? or * to list all spells.
Aiming: Corona
Press: ? - help, Shift-Dir - straight line, f - worm
Aim: a worm (almost dead, chance to defeat MR: 62%)
The worm is outlined in light.
The worm closely misses you.
You hit the worm but do no damage.
The worm is almost dead.
You hit the worm but do no damage.
The worm is almost dead.
The worm completely misses you.
You hit the worm but do no damage.
The worm is severely wounded.
You hit the worm but do no damage.
The worm is severely wounded.
The worm bites you!
Ouch! That really hurt!
You die...

#.#.#.##.......#
#.#.#.##.##.##.#... #
#.....##.# ...... #
###.####.#####.#.# .##. # #.#
#.........# .....##### #
##.####.........####.......###
#....###...............###(...
##.#.# #.........###.....>....
###.# #.....@w..........#....
####.# #.........#.#...#.#.###
#....#####.######..#.......# #
#.####.............##..#.#####
###.####.....≈§......##.##.#
#..
#.....##....§≈§§...≈.......#
#.#
#.....##..§§##≈§##....#.####
#.# #.........§.#≈§§≈≈≈..##.#
#.# #.....##....≈§⌠§≈#≈≈.##.#
####.#


You could see a worm.

Vanquished Creatures
  A dart slug (D:1)
  A leopard gecko (D:1)
  4 goblins (D:1)
  2 hobgoblins (D:1)
  2 jackals (D:2)
  A ball python (D:1)
  2 bats (D:1)
  A frilled lizard (D:1)
  2 kobolds (D:1)
  2 rats
18 creatures vanquished.

Notes
Turn   | Place    | Note
-------+----------+-------------------------------------------
     0 | D:1      | greprep the Spriggan Enchanter began the quest for the Orb.
     0 | D:1      | Reached XP level 1. HP: 9/9 MP: 5/5
   202 | D:1      | Reached XP level 2. HP: 13/13 MP: 7/7
   206 | D:1      | Learned a level 2 spell: Ensorcelled Hibernation
  1078 | D:2      | Found a stormy altar of Qazlal.
  1079 | D:2      | Noticed Terence
  1247 | D:2      | Slain by a worm

Skill      XL: |  1 |
---------------+----+-----
Spellcasting   | 3 |  3.3
Hexes          | 4 |  4.2
Short Blades   | |  1.1
Dodging        | |  3.1
Stealth        | |  4.6

Action                   || total
-------------------------++-------
Melee: Dagger            ||    77
 Cast: Corona            ||     8
       Ensorcelled Hiber ||     5
  Use: Scroll            ||     2
 Stab: Sleeping          ||     8
Armor: Robe              ||     8
Dodge: Dodged            ||    51
